 Dungeon Crawl Stone Soup version 0.26-a0-1184-g95e395e029 (webtiles) character file.

Game seed: 15843062131362568805

6040 Arthanis the Cleaver (level 10, -21/102 HPs)
             Began as a Gargoyle Berserker on Dec 27, 2020.
             Was a High Priest of Trog.
             Killed from afar by a gargoyle (23 damage)
             ... with a stone arrow
             ... on level 10 of the Dungeon.
             The game lasted 00:07:59 (10583 turns).

Arthanis the Cleaver (Gargoyle Berserker)          Turns: 10583, Time: 00:08:00

Health: -21/102    AC: 30    Str: 20    XL:     10   Next: 86%
Magic:  10/10      EV:  7    Int: 12    God:    Trog [*****.]
Gold:   387        SH:  0    Dex:  9    Spells: 9/9 levels left

rFire    . . .     SeeInvis .   F - +2 war axe (venom)
rCold    . . .     Faith    .   (no shield)
rNeg     + . .     Spirit   .   G - +0 plate armour
rPois    ∞         Reflect  .   E - +1 helmet
rElec    +         Harm     .   D - +0 cloak {rPois}
rCorr    .         Rampage  .   N - +0 pair of gloves
Will     ++...                  o - +0 pair of boots
Stlth    ..........             (no amulet)
HPRegen  1.27/turn              i - ring of stealth
MPRegen  0.12/turn              l - +4 ring of protection

@: berserking, regenerating, very quick
A: negative energy resistance 1, electricity resistance, unbreathing,
petrification resistance, miasma immunity, AC +7
a: Renounce Religion, Berserk, Trog's Hand, Brothers in Arms


You were on level 10 of the Dungeon.
You worshipped Trog.
Trog was extremely pleased with you.
You visited 1 branch of the dungeon, and saw 10 of its levels.

You collected 387 gold pieces.

Inventory:

Hand Weapons
 a - a +0 hand axe
 r - a +0 war axe
 t - the +7 dagger of Soonistra {flame, rPois rN++ Int-2 SInv}
   (You found it on level 4 of the Dungeon)

   It has been specially enchanted to burn those struck by it, causing extra
   injury to most foes and up to half again as much damage against particularly
   susceptible opponents.
   It affects your intelligence (-2).
   It protects you from poison.
   It greatly protects you from negative energy.
   It lets you see invisible.
 u - the +7 falchion "Puffon" {vorpal, rElec rF- Will+}
   (You found it on level 4 of the Dungeon)

   It inflicts extra damage upon your enemies.
   It makes you vulnerable to fire.
   It insulates you from electricity.
   It affects your willpower, your defense against some magical effects.
 F - a +2 war axe of venom (weapon)
Armour
 b - a +0 animal skin
 h - a +0 scale mail
 o - a +0 pair of boots (worn)
 D - a +0 cloak of poison resistance (worn)
 E - a +1 helmet (worn)
 G - a +0 plate armour (worn)
 J - a +1 chain mail of cold resistance
 N - a +0 pair of gloves (worn)
Jewellery
 i - a ring of stealth (left hand)
 l - a +4 ring of protection (right hand)
Wands
 I - a wand of random effects (15)
 M - a wand of enslavement (8)
Scrolls
 c - 3 scrolls of magic mapping
 e - 8 scrolls of remove curse
 j - 3 scrolls of blinking
 n - 2 scrolls of amnesia
 p - a scroll of fear {unknown}
 s - 2 scrolls of enchant weapon
 v - 4 scrolls of teleportation
 w - 2 scrolls of random uselessness {unknown}
 x - 3 scrolls of immolation
 y - a scroll of vulnerability {unknown}
 A - a scroll of acquirement {unknown}
 H - a scroll of summoning {unknown}
 K - a scroll of brand weapon {unknown}
 L - 3 scrolls of noise {unknown}
Potions
 d - 4 potions of curing
 g - 4 potions of heal wounds
 k - 2 potions of degeneration
 m - 3 potions of might
 q - a potion of haste {unknown}
 z - 3 potions of invisibility
 B - a potion of lignification {unknown}
 C - 2 potions of brilliance


   Skills:
 + Level 10.0 Fighting
 * Level 11.4 Axes
 + Level 6.5 Armour
 - Level 2.0 Dodging


You had 9 spell levels left.
You didn't know any spells.
Your spell library was empty.

Dungeon Overview and Level Annotations

Branches:
Dungeon (10/15)            Temple (0/1) D:7            Lair (0/6) D:9
    Orc (0/2) D:10

Altars:
Ashenzari
Cheibriados
Dithmenos
Hepliaklqana
Okawaru
Ru
Trog
Xom

Annotations:
D:9 exclusion: orange crystal statue


Innate Abilities, Weirdness & Mutations

You are resistant to torment.
Your stone body is resilient. (AC +7)
You are immune to poison.
You resist negative energy. (rN+)
You are resistant to electric shocks. (rElec)
You can survive without breathing.
You are immune to petrification.
You are immune to miasma.


Message History

You feel strong-willed. The centaur barely misses you.
The worker ant bites you.
* * * LOW HITPOINT WARNING * * *
The jelly hits you but does no damage. The centaur barely misses you.
A red film seems to cover your vision as you go berserk!
You feel yourself moving faster!
You feel mighty! The worker ant bites you.
* * * LOW HITPOINT WARNING * * *
The gargoyle hurls a stone arrow at you.
The stone arrow hits you!!
* * * LOW HITPOINT WARNING * * *
The centaur barely misses you. The jelly hits you but does no damage.
The worker ant closely misses you.
You completely miss the centaur.
The centaur is severely wounded.
You closely miss the worker ant.
Your plate armour prevents you from hitting the jelly.
The centaur barely misses you.
The gargoyle hurls a stone arrow at you.
The stone arrow hits you!!
You die...

****,,***** *,,,,,,,,,*
*,,,,,,,* #.........#
*,,,,,,.#* #.........#
***,,,,,,..###.........#
.,,,,,,,,....#..<.....,*
#*,,,,,,,............,,*
,,,,,,,,,.....9....#****
****,,,***#.##..cJ##
######### ****,,**
#.....@..###.......#
,,,,,,*
###..B(...##.......#
,,,,,,*
#..#.##...(......#
**,,,,*
***#..#.#####.......#
,,,,,,** *,...,!(#
#......>#
,,,,,,,***.......#
#.......#
**,,,,,,,........#
#.......#
**,,,,*,*#.....>.#
#.......#
,,,,,,*,***#####.#*
#.......#


You could see a gargoyle, a centaur (very poisoned), a jelly (very poisoned) and
a worker ant (very poisoned).

Vanquished Creatures
  A two-headed ogre (D:8)
  Pikel (D:8)
  A troll (D:9)
  Grum (D:8)
  Edmund (D:4)
  A sky beast (D:5)
  3 ice beasts
  A phantom (D:7)
  2 necrophages
  6 ogres
  A hornet zombie (D:6)
  4 wolves
  5 centaurs
  A lemure (D:8)
  2 big kobolds
  5 bullfrogs
  A scorpion (D:6)
  A killer bee (D:7)
  5 wights (D:7)
  3 electric eels (D:9)
  A centaur zombie (D:6)
  A howler monkey (D:5)
  A quasit (D:7)
  A bullfrog skeleton (D:5)
  A jelly (D:6)
  8 orc priests
  Crazy Yiuf (D:6)
  A centaur skeleton (D:4)
  7 orc wizards
  12 hounds
  5 iguanas
  Terence (D:2)
  Natasha (thrice) (D:2)
  5 worker ants
  A hound skeleton (D:4)
  11 adders
  A shadow imp (D:9)
  A white imp (D:6)
  2 ufetubi
  2 adder zombies
  An adder skeleton (D:8)
  5 worms
  A dart slug (D:3)
  7 leopard geckos
  32 orcs
  2 ball pythons (D:1)
  3 bats (D:2)
  A giant cockroach (D:3)
  4 goblins
  5 hobgoblins
  7 jackals (D:5)
  25 kobolds
  7 quokkas
  6 frilled lizards
  A quokka skeleton (D:6)
  10 rats
229 creatures vanquished.

Notes
Turn   | Place    | Note
-------+----------+-------------------------------------------
     0 | D:1      | Arthanis the Gargoyle Berserker began the quest for the
                  | Orb.
     0 | D:1      | Reached XP level 1. HP: 14/14 MP: 1/1
   306 | D:1      | Reached XP level 2. HP: 11/19 MP: 2/2
   794 | D:1      | Reached skill level 3 in Axes
  1265 | D:1      | Reached XP level 3. HP: 23/23 MP: 3/3
  1430 | D:2      | Noticed Terence
  1430 | D:2      | Noticed Natasha
  1435 | D:2      | Killed Natasha
  1442 | D:2      | Killed Terence
  1442 | D:2      | Reached ** piety under Trog
  1443 | D:2      | Reached XP level 4. HP: 29/29 MP: 4/4
  1573 | D:2      | Noticed a moth of wrath
  1576 | D:2      | Found a bloodstained altar of Trog.
  1838 | D:2      | Found a shadowy altar of Dithmenos.
  1996 | D:2      | Noticed Natasha
  2006 | D:2      | Killed Natasha
  2007 | D:2      | Reached XP level 5. HP: 30/33 MP: 5/5
  2020 | D:2      | Reached skill level 4 in Axes
  2163 | D:2      | Noticed Natasha
  2172 | D:2      | Killed Natasha
  2373 | D:3      | Reached XP level 6. HP: 31/39 MP: 6/6
  2845 | D:3      | Reached *** piety under Trog
  2859 | D:3      | Found a sacrificial altar of Ru.
  2873 | D:3      | Found a broken altar of Ashenzari.
  2876 | D:3      | Found a bloodstained altar of Trog.
  2879 | D:3      | Found a snail-covered altar of Cheibriados.
  3408 | D:4      | Reached skill level 5 in Axes
  3464 | D:4      | Noticed Edmund
  3481 | D:4      | Killed Edmund
  3482 | D:4      | Reached skill level 5 in Fighting
  3482 | D:4      | Reached XP level 7. HP: 44/44 MP: 7/7
  3960 | D:4      | Got a polished dagger
  3989 | D:4      | Got an encrusted falchion
  3990 | D:4      | Identified the +7 dagger of Soonistra {flame, rPois rN++
                  | Int-2 SInv} (You found it on level 4 of the Dungeon)
  3991 | D:4      | Identified the +7 falchion "Puffon" {vorpal, rElec rF-
                  | Will+} (You found it on level 4 of the Dungeon)
  4310 | D:4      | Found an iron altar of Okawaru.
  4526 | D:5      | Entered Level 5 of the Dungeon
  4678 | D:5      | Reached skill level 6 in Axes
  4718 | D:5      | Reached skill level 5 in Armour
  4718 | D:5      | Reached XP level 8. HP: 46/51 MP: 8/8
  4883 | D:5      | Reached **** piety under Trog
  4918 | D:5      | Reached skill level 7 in Axes
  6135 | D:6      | Reached XP level 9. HP: 56/57 MP: 9/9
  6156 | D:6      | Reached skill level 8 in Axes
  6657 | D:6      | Found a runed translucent door.
  6658 | D:6      | Noticed Crazy Yiuf
  6692 | D:6      | Killed Crazy Yiuf
  7085 | D:7      | Reached skill level 9 in Axes
  7265 | D:7      | Identified the +2 whip of Dissolution {vorpal, rC- Int+5}
  7343 | D:7      | Found a staircase to the Ecumenical Temple.
  8230 | D:8      | Noticed Grum
  8236 | D:8      | Reached XP level 10. HP: 65/65 MP: 10/10
  8245 | D:8      | Killed Grum
  8246 | D:8      | Reached skill level 10 in Axes
  8431 | D:8      | Found a shimmering altar of Xom.
  8432 | D:8      | Found a hazy altar of Hepliaklqana.
  8433 | D:8      | Noticed a spectral ugly thing
  8561 | D:8      | Noticed a two-headed ogre
  8574 | D:8      | Killed a two-headed ogre
  8651 | D:8      | Noticed Pikel
  8662 | D:8      | Killed Pikel
  8982 | D:8      | Reached skill level 11 in Axes
  9581 | D:9      | Reached ***** piety under Trog
  9634 | D:9      | Noticed an orange crystal statue
  9788 | D:9      | Reached skill level 10 in Fighting
  9848 | D:9      | Found a staircase to the Lair.
 10524 | D:10     | Entered Level 10 of the Dungeon
 10575 | D:10     | Noticed a gargoyle
 10582 | D:10     | HP: 1/102 [gargoyle/stone arrow (20)]
 10583 | D:10     | Killed from afar by a gargoyle

Illustrated notes

Levels and vault maps discovered:
D:1:      dpeg_chamrin_arrival_tetris, layout_basic, st_stairs_13,
          roderic_lattice_a
D:2:      layout_basic, nicolae_dithmenos_shadow_blocks, tgw_trog, uniq_terence,
          uniq_natasha
D:3:      layout_loops_corners, grunt_temple_overflow_cloverleaf,
          chequers_serial_rivers_large_a
D:4:      layout_basic, kennysheep_mini_moat, uniq_edmund
D:5:      layout_cave_pods
D:6:      layout_loops_corners, chequers_serial_rivers_micro_d,
          uniq_crazy_yiuf_cottage
D:7:      minmay_inner_zag, layout_loops_corners, minmay_temple_entry_trees
D:8:      layout_loops_corners, regret_index_temple_of_mockery,
          onia_ninara_dug_in_and_dangerous, uniq_grum, uniq_pikel
D:9:      layout_basic, erik_lair_island, minivault_16
D:10:     minmay_evil_eye, layout_rooms, orc_0_dummy, enter_bailey_2

Skill      XL: |  1  2  3  4  5  6  7  8  9 10 |
---------------+-------------------------------+-----
Axes           | 3 4 5 6 7 9 11 | 11.4
Dodging        | 2 |  2.0
Armour         | 3 4 5 6 |  6.5
Fighting       | 4 5 7 8 10 | 10.0

Action                   |  1- 3 |  4- 6 |  7- 9 | 10-12 || total
-------------------------+-------+-------+-------+-------++-------
Melee: Hand axe          |    81 |   175 |     2 |       ||   258
       War axe           |       |       |   135 |   166 ||   301
       Falchion          |       |       |   185 |       ||   185
       Dagger            |       |       |    24 |       ||    24
Invok: Berserk           |     1 |     2 |     1 |     2 ||     6
       Trog's Hand       |       |       |       |     1 ||     1
  Use: Scroll            |       |       |       |    13 ||    13
Armor: Animal skin       |    24 |       |       |       ||    24
       Scale mail        |       |    91 |   228 |       ||   319
       Plate armour      |       |       |     7 |   131 ||   138
Dodge: Dodged            |    58 |    83 |   227 |    67 ||   435
       Rpst.: Falchion   |       |       |    37 |       ||    37

Table legend: (Time is in decaauts)
 A = Elapsed time spent in this place.
 B = Non-inter-level travel time spent in this place.
 C = Inter-level travel time spent in this place.
 D = Time resting spent in this place.
 E = Time spent auto-exploring this place.
 F = Levels seen in this place.
 G = Mean time per level.
                   A        B        C        D        E       F      G
               +--------+--------+--------+--------+--------+-----+--------+
         Total |  10718 |  10382 |    336 |      0 |   8862 |  10 | 1071.8 |
       Dungeon |  10718 |  10382 |    336 |      0 |   8862 |  10 | 1071.8 |
               +--------+--------+--------+--------+--------+-----+--------+

Top non-repeatable levels by time:
     D:7: 1458 daAuts
     D:1: 1442 daAuts
     D:6: 1310 daAuts
     D:8: 1294 daAuts
     D:4: 1184 daAuts
     D:3: 1089 daAuts
     D:9: 1006 daAuts
     D:5: 996 daAuts
     D:2: 877 daAuts
    D:10: 58 daAuts
